 Dungeon Crawl Stone Soup version 0.27-a0-1200-g94dc6ad4cf (webtiles) character file.

Game seed: 1972627862116620221

223914 Gwenloh the Eclecticist (level 20, -7/148 HPs)
             Began as a Djinni Venom Mage on June 1, 2021.
             Was the Champion of Yredelemnul.
             Killed from afar by a shock serpent (25 damage)
             ... with a bolt of electricity
             ... on level 4 of the Snake Pit.
             The game lasted 03:49:07 (32202 turns).

Gwenloh the Eclecticist (Djinni Venom Mage)        Turns: 32202, Time: 03:49:11

Health: -7/148     AC: 19    Str:  7    XL:     20   Next: 5%
Gold:   3122       EV: 25    Int: 25    God:    Yredelemnul [******] SH:  6 Dex: 18

rFire    + + +     SeeInvis .   O - +7 trident (vamp)
rCold    x . .     Faith    .   P - +1 buckler
rNeg     + + .     Spirit   .   e - +1 troll leather armour
rPois    ∞         Reflect  .   T - +2 helmet {Int+3}
rElec    .         Harm     .   v - +2 cloak
rCorr    .         Rampage  .   n - +4 pair of gloves "Yllies" {rF+ rN+ Stlth+}
Will     +++++     Clarity  +   (boots unavailable)
Stlth    +++.......             Z - amulet of the Four Winds {rN+ Will+++ Clar}
HPRegen  1.34/turn              p - +4 ring of evasion
MPRegen  0.00/turn              t - +4 ring of evasion

@: flying
A: sickness immunity, fire resistance 2, cold vulnerability 1, float, innate
caster, hp casting, extra vitality 1
}: 1/15 runes: barnacled
a: Renounce Religion, Recall Undead Slaves, Injury Mirror, Animate Dead, Drain
Life, Enslave Soul


You were on level 4 of the Snake Pit.
You worshipped Yredelemnul.
Yredelemnul was exalted by your worship.
You visited 6 branches of the dungeon, and saw 32 of its levels.

You collected 4026 gold pieces.
You spent 904 gold pieces at shops.

Inventory:

Hand Weapons
 a - the +11 falchion of Laudop {vorpal, rElec rC+++ Str+2 Stlth-}
   (You found it on level 2 of the Lair of Beasts)

   It inflicts extra damage upon your enemies.
   It affects your strength (+2).
   It renders you almost immune to cold.
   It insulates you from electricity.
   It makes you less stealthy.
 O - a +7 vampiric trident (weapon)
Armour
 e - a +1 troll leather armour (worn)
 m - +0 acid dragon scales
 n - the +4 pair of gloves "Yllies" (worn) {rF+ rN+ Stlth+}
   (You bought it in a shop on level 12 of the Dungeon)

   It protects you from fire.
   It protects you from negative energy.
   It makes you more stealthy.
 r - the +0 cloak "Kueleec" {Rampage Will+ Dex-2}
   (You found it on level 4 of the Shoals)

   It affects your dexterity (-2).
   It bestows one free step when moving towards enemies.
   It increases your willpower.
 v - a +2 cloak (worn)
 P - a +1 buckler (worn)
 T - a +2 helmet of intelligence (worn)
Jewellery
 p - a +4 ring of evasion (left hand)
 t - a +4 ring of evasion (right hand)
 u - a ring of positive energy
 x - an amulet of faith
 L - an amulet of regeneration
 M - a ring of resist corrosion
 N - the ring of Sacrifif {Will+ Slay+2}
   (You took it off a deep elf pyromancer on level 15 of the Dungeon)

   [ring of willpower]

   It affects your accuracy and damage with ranged weapons and melee attacks
   (+2).
   It increases your willpower.
 Z - the amulet of the Four Winds (around neck) {rN+ Will+++ Clar}
   (You found it on level 13 of the Dungeon)

   [amulet of nothing]

   It protects you from negative energy.
   It protects you against confusion.
   It greatly increases your willpower.
Wands
 d - a wand of iceblast (26)
 g - a wand of charming (14)
 q - a wand of digging (16)
 y - a wand of mindburst (13)
 C - a wand of polymorph (17)
 G - a wand of paralysis (16)
 H - a wand of flame (4)
 S - a wand of acid (9)
Scrolls
 b - 3 scrolls of identify
 c - 2 scrolls of summoning
 f - 3 scrolls of enchant weapon
 i - 6 scrolls of fog
 o - 14 scrolls of teleportation
 s - 5 scrolls of magic mapping
 D - 4 scrolls of fear
 E - 6 scrolls of vulnerability
 F - 2 scrolls of brand weapon
 X - a scroll of blinking
Potions
 h - a potion of cancellation
 j - 10 potions of might
 k - 9 potions of haste
 l - 3 potions of brilliance
 z - 8 potions of curing
 A - 3 potions of resistance
 B - 4 potions of mutation
 I - a potion of invisibility
 U - a potion of ambrosia
 W - a potion of attraction
 Y - 2 potions of heal wounds
Miscellaneous
 V - a lightning rod (1/4)


   Skills:
 + Level 14.8 Fighting
 + Level 11.1 Armour
 - Level 10.5 Dodging
 - Level 1.6 Stealth
 - Level 4.0 Shields
 * Level 16.3 Spellcasting
 + Level 13.4 Invocations


You had 2 spell levels left.
You knew the following spells:

 Your Spells              Type           Power      Damage    Failure   Level
a - Sting                 Tmut/Pois      100%       1d8       0%          1
b - Poisonous Vapours     Pois/Air       100%       N/A       0%          2
c - Mephitic Cloud        Conj/Pois/Air  80%        N/A       0%          3
d - Ignite Poison         Fire/Tmut/Pois 80%        N/A       0%          3
e - Olgreb's Toxic Radia  Pois           80%        N/A       1%          4
f - Animate Skeleton      Necr           100%       N/A       0%          1
g - Slow                  Hex            80%        N/A       0%          2
h - Conjure Flame         Conj/Fire      80%        6-21      0%          3
i - Tukima's Dance        Hex            80%        N/A       0%          3
j - Hailstorm             Conj/Ice       80%        3d16      1%          4
k - Iskenderun's Battles  Conj           80%        2d13      1%          5
l - Invisibility          Hex            80%        N/A       1%          6
m - Shadow Creatures      Summ           N/A        N/A       1%          6
n - Starburst             Conj/Fire      40%        8x6d11    1%          6
Your spell library was empty.

Dungeon Overview and Level Annotations

Branches:
Dungeon (15/15)            Temple (1/1) D:7            Lair (6/6) D:11
 Shoals (4/4) Lair:4        Snake (4/4) Lair:2        Slime (0/5) Lair:5
    Orc (2/2) D:12            Elf (0/3) Orc:2        Vaults (0/5) D:13
 Depths (0/5) D:15

Altars:
Ashenzari
Cheibriados
Dithmenos
Elyvilon
Fedhas
Gozag
Hepliaklqana
Kikubaaqudgha
Makhleb
Nemelex Xobeh
Okawaru
Qazlal
Ru
Sif Muna
Trog
Uskayaw
Vehumet
Wu Jian
Xom
Yredelemnul
Zin
The Shining One
Beogh
Jiyva
Lugonu

Shops:
D:9 (   D:12 [   D:13 [   Orc:1 *   Orc:2 !:**   Shoals:2 :   Shoals:3 *
Snake:1 ?   Snake:2 ((   Snake:4 =::

Portals:
Trove: D:12 (give 7 scrolls of fog)

Annotations:
D:14 2 transporters, senseless's ghost, journeyman TrBe
Lair:3 3 runed translucent doors, Illot's ghost, adept MfTm; Paluwo's ghost, journeyman TrMo
Snake:4 2 transporters, qborf's ghost, adept GnWn


Innate Abilities, Weirdness & Mutations

You are immune to sickness and miasma.
You are immune to poison.
Your flesh is very heat resistant. (rF++)
You are vulnerable to cold. (rC-)
You float through the air rather than walking.
You learn spells naturally, not from books.
Your magical power is your life essence.
You have superior vitality. (+4 HP)


Message History

Your +0 battleaxe hits the naga!
There is an open gate here.
Casting: Tukima's Dance (safe; 0% risk of failure)
Confirm with . or Enter, or press ? or * to list all spells.
Aiming: Poisonous Vapours (safe; 0% risk of failure)
Press: ? - help, Dir - move target, f - shock serpent, p - nagaraja
Aim: a shock serpent (ally target) Poisonous vapours surround the shock serpent!
The shock serpent is engulfed in poison gas.
The shock serpent is poisoned.
The naga hits your +0 battleaxe with a +0 glaive!
The naga constricts your +0 battleaxe.
The naga sharpshooter shoots a bolt.
The bolt hits you!!
* * * LOW HITPOINT WARNING * * *
Your vampire knight hits the shock serpent with a +0 war axe!!
The shock serpent's electric aura discharges, shocking your vampire knight!
Your vampire knight bites the shock serpent!
Your vampire knight draws strength from the shock serpent's injuries!
The shock serpent's electric aura discharges, shocking your vampire knight!
The shock serpent bites you!
* * * LOW HITPOINT WARNING * * *
The shock serpent shocks you!
* * * LOW HITPOINT WARNING * * *
Your +0 battleaxe struggles to escape constriction.
The shock serpent bites your vampire knight.
The shock serpent shocks your vampire knight!
Your vampire knight is destroyed!
Blink to where?
Press: ? - help, Dir - move target, p - shock serpent
As you read the scroll of blinking, it crumbles to dust.
The naga hits your +0 battleaxe with a +0 glaive.
The naga constricts your +0 battleaxe.
Your +0 battleaxe struggles to escape constriction.
The nagaraja gestures wildly while chanting.
The nagaraja seems to speed up.
A guardian serpent comes into view.
The shock serpent shoots out a bolt of lightning at you!
The bolt of electricity hits you!!
You die...
Your body rises from the dead as a mindless zombie.

###.####.z.#)##......####
#####.##.........#
#.##z.....##.###
#.##zzz....#...#
#.###z#....#...# ## #.#
#z###......# # .# #.#
#zzzVz.....# #.###.
####.#######z....##
#..S.S###.@znz....zz..©...#
.....N.#..#######.z.#####..
.≈≈N≈NSS.z# #..###.©.###
.≈≈≈≈≈.§z.# ##.##.N....##
.≈≈≈≈≈Nz..# #..#NNN..##N.
.N...z.#.## #.##(W..#≈##N
#..N(S#### #.#y.N....#..
#.###S #.#..##._.N.W # ○#
#.#.## ?.)##.


You could see a naga warrior (ally target), a nagaraja (fast, strong), 2 shock
serpents, a guardian serpent, a black mamba, a naga (strong), a friendly ghoul,
6 friendly skeletal warriors and a friendly +0 battleaxe.

Vanquished Creatures
  Jorgrun (D:15)
  A kraken (Shoals:1)
  Ilsuiw (Shoals:3)
  An orc warlord (Orc:2)
  A ghoul (D:15)
  A dire elephant (Lair:6)
  Snorg (D:11)
  An ettin (Orc:1)
  4 merfolk impalers (Shoals:4)
  A salamander tyrant (Snake:4)
  5 hydras
  An ogre mage (D:15)
  2 naga warriors
  2 boulder beetles
  2 catoblepae
  A death knight (D:15)
  3 merfolk avatars (Shoals:4)
  3 merfolk aquamancers
  An anaconda (Snake:1)
  6 two-headed ogres
  4 death yaks (Lair:6)
  3 centaur warriors
  A satyr (Shoals:2)
  6 orc high priests (Orc:2)
  A deep troll shaman (Lair:6)
  A tengu warrior (D:14)
  2 shock serpents (Snake:3)
  2 naga sharpshooters
  Urug (D:13)
  Nergalle (Lair:4)
  A skeletal warrior (D:15)
  4 sea snakes
  A naga ritualist (Snake:4)
  A phantasmal warrior (D:15)
  8 orc knights
  2 deep elf pyromancers
  A necromancer (D:15)
  A deep elf archer (D:15)
  A deep elf zephyrmancer (D:15)
  4 mana vipers
  A lindwurm (shapeshifter) (D:15)
  3 cyclopes
  A harpy (Shoals:4)
  3 orc sorcerers
  2 salamanders
  11 manticores
  17 elephants
  12 ugly things
  20 fauns
  8 merfolk sirens
  2 guardian serpents
  5 water nymphs
  4 naga magi
  A torpor snail (Lair:2)
  6 black mambas
  7 cane toads
  A gargoyle (D:12)
  5 rime drakes
  A kobold demonologist (D:12)
  A komodo dragon (Lair:1)
  3 tengu conjurers (D:15)
  17 merfolk
  2 polar bears (Lair:5)
  2 wind drakes (Shoals:4)
  Grinder (D:4)
  7 slime creatures
  4 trolls
  8 dream sheep
  15 blink frogs
  7 snapping turtles
  2 shadows
  2 wraiths (D:10)
  17 humans
  35 yaks
  2 wyverns (Lair:3)
  4 hogs (D:7)
  4 basilisks
  A steam dragon (D:9)
  12 nagas
  8 vampire mosquitoes
  3 wargs
  An acid dragon (D:11)
  6 water moccasins
  3 black bears
  37 orc warriors
  An ice beast (D:5)
  11 ogres
  19 wolves
  5 centaurs
  2 necrophages (D:5)
  11 bullfrogs
  2 kobold brigands
  5 scorpions
  A wyvern zombie (D:7)
  A water moccasin zombie (D:5)
  8 wights
  11 killer bees
  3 howler monkeys (D:8)
  3 centaur zombies
  2 hounds
  A human zombie (D:5)
  2 bullfrog skeletons
  A jelly (D:5)
  2 bullfrog zombies
  A gnoll shaman (D:6)
  40 orc priests
  2 centaur skeletons
  4 iguanas
  18 orc wizards
  A scorpion zombie (D:5)
  2 hell rats (Lair:1)
  3 killer bee zombies (D:5)
  4 mummies (D:5)
  A howler monkey zombie (D:9)
  14 gnolls
  4 river rats (Lair:1)
  5 adders
  12 white imps
  An ufetubus (D:5)
  A yak zombie (Lair:6)
  A worm (D:5)
  9 dart slugs
  86 orcs
  4 ball pythons
  4 endoplasms
  4 giant cockroaches
  7 goblins
  4 hobgoblins
  7 jackals (D:2)
  18 kobolds
  2 quokkas (D:4)
  6 bats
  A frilled lizard (D:3)
  7 rats
  A tentacle (Shoals:1)
764 creatures vanquished.

Vanquished Creatures (collateral kills)
  Vashnia (Snake:4)
  Rupert (Lair:4)
  Gastronok (Lair:2)
  Donald (Snake:3)
  Aizul (Snake:3)
  Louise (Snake:3)
  7 merfolk impalers
  3 merfolk javelineers
  A rakshasa (D:13)
  An ogre mage (Orc:1)
  14 naga warriors
  A boulder beetle (D:15)
  A centaur warrior (D:15)
  A catoblepas (D:14)
  An alligator snapping turtle (Shoals:2)
  2 two-headed ogres (Orc:1)
  7 anacondas
  A vampire mage (D:15)
  13 naga sharpshooters
  5 shock serpents
  3 salamander mystics
  A skeletal warrior (D:15)
  A naga ritualist (Snake:1)
  8 sea snakes
  7 harpies
  4 mana vipers
  An orc knight (Orc:2)
  5 ugly things
  5 fauns
  3 manticores
  14 salamanders
  6 elephants
  30 black mambas
  3 merfolk sirens
  4 guardian serpents
  17 naga magi
  A spectral elf (D:12)
  An efreet (D:13)
  7 cane toads
  A kobold demonologist (D:13)
  A yaktaur (shapeshifter) (D:15)
  A troll (D:14)
  9 merfolk (Shoals:4)
  2 blink frogs
  5 snapping turtles
  2 spriggan zombies (D:15)
  13 slime creatures
  A dream sheep (Shoals:1)
  A wyvern (D:9)
  8 yaks
  A spriggan skeleton (D:15)
  7 water elementals
  A basilisk (Lair:6)
  4 vampire mosquitoes
  A steam dragon (Lair:4)
  25 nagas
  An acid dragon (D:12)
  3 water moccasins
  7 orc warriors
  2 wolves (Lair:6)
  An ogre (Orc:1)
  2 bullfrogs
  A tengu zombie (D:15)
  A hornet simulacrum (D:15)
  A wight (D:6)
  An orc priest (Orc:1)
  An orc wizard (Orc:1)
  2 hell rats (Lair:1)
  3 white imps (Lair:6)
  3 orcs (Orc:2)
  2 plants (Shoals:3)
  2 tentacles (Shoals:1)
301 creatures vanquished.

Vanquished Creatures (others)
  A ghoul (Shoals:4)
  3 vampire knights (Snake:4)
  A spectral human (Snake:3)
  A skeletal warrior (Shoals:2)
  A flayed ghost (Snake:4)
  5 phantasmal warriors
  7 dancing weapons
  2 vampires
  13 flying skulls
  A wraith (Lair:6)
  A wight (Lair:2)
  A guardian serpent zombie (Lair:2)
  A mummy (Lair:4)
  A cane toad zombie (Lair:1)
  2 blink frog zombies (Lair:2)
  2 bullfrog zombies
  An elephant zombie (Lair:2)
  A torpor snail zombie (Lair:2)
  A komodo dragon zombie (Lair:1)
  12 yak zombies
  72 fungi
  160 plants
  4 tentacles (Shoals:1)
  7 withered plants
301 creatures vanquished.

Grand Total: 1366 creatures vanquished

Notes
Turn   | Place    | Note
-------+----------+-------------------------------------------
     0 | D:1      | Gwenloh the Djinni Venom Mage began the quest for the Orb.
     0 | D:1      | Reached XP level 1. HP: 15/15 MP: 0/0
   333 | D:1      | Reached XP level 2. HP: 16/21 MP: 0/0
   717 | D:1      | Reached skill level 3 in Spellcasting
   717 | D:1      | Reached XP level 3. HP: 22/25 MP: 0/0
   717 | D:1      | Learned a level 1 spell: Animate Skeleton
  1818 | D:2      | Reached XP level 4. HP: 27/31 MP: 0/0
  2135 | D:2      | Found a stormy altar of Qazlal.
  3410 | D:3      | You are sucked into a shaft and drop 1 floor!
  3450 | D:4      | Found a sacrificial altar of Ru.
  3452 | D:4      | Noticed an ogre
  3453 | D:4      | Noticed a scorpion
  3737 | D:3      | Killed an ogre
  3738 | D:3      | Reached skill level 1 in Fighting
  3738 | D:3      | Reached skill level 4 in Spellcasting
  3738 | D:3      | Reached XP level 5. HP: 24/37 MP: 0/0
  3738 | D:3      | Learned a level 2 spell: Slow
  3970 | D:4      | Reached XP level 6. HP: 18/42 MP: 0/0
  4605 | D:4      | Reached XP level 7. HP: 29/49 MP: 0/0
  4605 | D:4      | Learned a level 3 spell: Conjure Flame
  5090 | D:4      | Noticed Grinder
  5253 | D:4      | Killed Grinder
  5254 | D:4      | Reached skill level 5 in Spellcasting
  5614 | D:4      | Reached skill level 5 in Dodging
  5614 | D:4      | Reached XP level 8. HP: 48/56 MP: 0/0
  5911 | D:5      | Entered Level 5 of the Dungeon
  6654 | D:5      | Found a glowing silver altar of Zin.
  6690 | D:5      | Noticed a yak
  6691 | D:5      | Noticed a yak
  6692 | D:5      | Noticed a yak
  6695 | D:5      | Killed a yak
  6695 | D:5      | Killed a yak
  6695 | D:5      | Killed a yak
  6696 | D:5      | Reached skill level 6 in Spellcasting
  6696 | D:5      | Reached XP level 9. HP: 50/63 MP: 0/0
  6696 | D:5      | Learned a level 3 spell: Tukima's Dance
  7163 | D:5      | Reached skill level 5 in Fighting
  8365 | D:6      | Found a shimmering altar of Xom.
  8387 | D:6      | Reached skill level 7 in Spellcasting
  8544 | D:6      | Found a basalt altar of Yredelemnul.
  8552 | D:6      | Became a worshipper of Yredelemnul the Dark
  9070 | D:6      | Found an iron altar of Okawaru.
  9313 | D:6      | Found a white marble altar of Elyvilon.
  9494 | D:6      | Reached * piety under Yredelemnul
  9502 | D:6      | Reached XP level 10. HP: 49/72 MP: 0/0
 10043 | D:7      | Found a broken altar of Ashenzari.
 10480 | D:7      | Found a staircase to the Ecumenical Temple.
 10486 | Temple   | Entered the Ecumenical Temple
 10581 | D:7      | Reached skill level 8 in Spellcasting
 10806 | D:7      | Found a hazy altar of Hepliaklqana.
 12056 | D:9      | Reached ** piety under Yredelemnul
 12184 | D:9      | Reached skill level 1 in Invocations
 12562 | D:9      | Noticed a two-headed ogre
 12573 | D:9      | Killed a two-headed ogre
 12574 | D:9      | Reached skill level 9 in Spellcasting
 12574 | D:9      | Reached XP level 11. HP: 70/79 MP: 0/0
 12574 | D:9      | Learned a level 4 spell: Hailstorm
 12663 | D:9      | Found Lovonoola's Antique Weapon Shop.
 12976 | D:9      | Found an ornate altar of the Wu Jian Council.
 13110 | D:10     | Entered Level 10 of the Dungeon
 13267 | D:10     | Found a shadowy altar of Dithmenos.
 13313 | D:10     | Noticed a two-headed ogre
 13328 | D:10     | Killed a two-headed ogre
 13430 | D:10     | Found a glowing golden altar of the Shining One.
 13874 | D:11     | Found a staircase to the Lair.
 13874 | D:11     | Noticed a boulder beetle
 13877 | D:11     | Killed a boulder beetle
 14389 | D:11     | Noticed Snorg
 14391 | D:11     | Reached *** piety under Yredelemnul
 14485 | D:11     | Killed Snorg
 14545 | D:11     | Reached skill level 10 in Spellcasting
 14549 | D:11     | Reached XP level 12. HP: 78/88 MP: 0/0
 14592 | D:11     | Noticed a two-headed ogre
 14599 | D:11     | Killed a two-headed ogre
 14600 | D:11     | Reached skill level 10 in Dodging
 15005 | Lair:1   | Entered Level 1 of the Lair of Beasts
 15094 | Lair:1   | Reached skill level 5 in Invocations
 15995 | Lair:2   | Identified the +11 falchion of Laudop {vorpal, rElec rC+++
                  | Str+2 Stlth-}
 16098 | Lair:2   | Found a staircase to the Snake Pit.
 16107 | Lair:2   | Reached **** piety under Yredelemnul
 16108 | Lair:2   | Reached skill level 1 in Shields
 16115 | Lair:2   | Received a gift from Yredelemnul (a wight)
 16180 | Lair:2   | Noticed Gastronok
 16191 | Lair:2   | Killed Gastronok
 16192 | Lair:2   | Reached skill level 11 in Spellcasting
 16395 | Lair:2   | Reached XP level 13. HP: 94/94 MP: 0/0
 16395 | Lair:2   | Learned a level 5 spell: Iskenderun's Battlesphere
 16891 | Lair:3   | Found a runed translucent gate.
 16891 | Lair:3   | Found a runed translucent gate.
 16891 | Lair:3   | Found a runed translucent gate.
 16897 | Lair:3   | Noticed Paluwo's ghost (journeyman TrMo)
 16897 | Lair:3   | Noticed Illot's ghost (adept MfTm)
 17230 | Lair:3   | Received a gift from Yredelemnul (4 flying skulls)
 17230 | Lair:3   | Received a gift from Yredelemnul (a mummy)
 17285 | Lair:4   | Noticed Nergalle
 17294 | Lair:4   | Killed Nergalle
 17518 | Lair:4   | Reached skill level 10 in Fighting
 17558 | Lair:4   | Received a gift from Yredelemnul (2 flying skulls)
 17587 | Lair:4   | Reached skill level 1 in Armour
 17619 | Lair:4   | Found a staircase to the Shoals.
 17744 | Lair:4   | Noticed Rupert
 17754 | Lair:4   | Killed Rupert
 18146 | Lair:5   | Noticed a four-headed hydra
 18157 | Lair:5   | Killed a four-headed hydra
 18248 | Lair:5   | Found a viscous altar of Jiyva.
 18254 | Lair:5   | Found a staircase to the Slime Pits.
 18324 | Lair:5   | Noticed an eight-headed hydra
 18327 | Lair:5   | Noticed an eight-headed hydra
 18396 | Lair:5   | Reached skill level 12 in Spellcasting
 18746 | Lair:5   | Reached XP level 14. HP: 103/103 MP: 0/0
 18814 | Lair:5   | Identified the +0 robe of Complete Protection {rF+}
 18877 | Lair:6   | Entered Level 6 of the Lair of Beasts
 19109 | Lair:5   | Received a gift from Yredelemnul (4 flying skulls)
 19318 | Lair:6   | Received a gift from Yredelemnul (a vampire)
 19413 | Lair:6   | Received a gift from Yredelemnul (a wraith)
 19634 | Lair:6   | Reached ***** piety under Yredelemnul
 19698 | Lair:6   | Reached skill level 5 in Armour
 19762 | Lair:6   | Noticed a dire elephant
 19770 | Lair:6   | Killed a dire elephant
 20372 | D:12     | Found Itzeusoa's Armour Emporium.
 20379 | D:12     | Bought the +4 pair of gloves "Yllies" {rF+ rN+ Stlth+} for
                  | 455 gold pieces
 20393 | D:12     | Bought a +2 cloak for 165 gold pieces
 20424 | D:12     | Received a gift from Yredelemnul (a wight)
 20528 | D:12     | Reached skill level 13 in Spellcasting
 20566 | D:12     | Found a portal to a secret trove of treasure.
 20607 | D:12     | Reached XP level 15. HP: 111/111 MP: 0/0
 20607 | D:12     | Learned a level 6 spell: Invisibility
 20646 | D:12     | Found a staircase to the Orcish Mines.
 20670 | D:12     | Received a gift from Yredelemnul (3 flying skulls)
 20839 | D:12     | Noticed Fannar
 20849 | D:12     | Killed Fannar
 20849 | D:12     | Enslaved Fannar
 21013 | D:12     | Found a basalt altar of Yredelemnul.
 21143 | D:13     | Found a gate to the Vaults.
 21143 | D:13     | Noticed Urug
 21148 | D:13     | Killed Urug
 21218 | Orc:1    | Entered Level 1 of the Orcish Mines
 21312 | Orc:2    | Entered Level 2 of the Orcish Mines
 21353 | Orc:2    | Reached skill level 10 in Invocations
 21369 | Orc:2    | Found a burning altar of Makhleb.
 21404 | Orc:2    | Received a gift from Yredelemnul (a phantasmal warrior)
 21437 | Orc:2    | Noticed an orc warlord
 21445 | Orc:2    | Killed an orc warlord
 21474 | Orc:2    | Received a gift from Yredelemnul (a phantasmal warrior)
 21508 | Orc:2    | Received a gift from Yredelemnul (a skeletal warrior)
 21525 | Orc:2    | Found a staircase to the Elven Halls.
 21568 | Orc:2    | Reached ****** piety under Yredelemnul
 21612 | Orc:2    | Received a gift from Yredelemnul (a vampire knight)
 21626 | Orc:2    | Found Dacwulun's General Store.
 21626 | Orc:2    | Found Ilyn's Distillery.
 21627 | Orc:2    | Found Agiuzor's General Store.
 21627 | Orc:2    | Found Tanejeroo's Book Emporium.
 21634 | Orc:2    | Bought a potion of heal wounds for 50 gold pieces
 21634 | Orc:2    | Bought a potion of resistance for 100 gold pieces
 22183 | Orc:1    | Received a gift from Yredelemnul (a skeletal warrior)
 22287 | Orc:1    | Reached skill level 14 in Spellcasting
 22451 | Orc:1    | Received a gift from Yredelemnul (a vampire)
 22453 | Orc:1    | Reached XP level 16. HP: 98/120 MP: 0/0
 22537 | Orc:1    | Found Kikak's General Store.
 22546 | Orc:1    | Bought a scroll of fog for 22 gold pieces
 22920 | D:13     | Received a gift from Yredelemnul (a phantasmal warrior)
 22955 | D:13     | Found the amulet of the Four Winds {rN+ Will+++ Clar}
 23116 | D:14     | Noticed senseless's ghost (journeyman TrBe)
 23116 | D:14     | Noticed a fire giant
 23121 | D:14     | Found a transporter.
 23213 | D:14     | Found a transporter.
 23245 | D:14     | You are sucked into a shaft and drop 1 floor!
 23245 | D:15     | Entered Level 15 of the Dungeon
 23367 | D:14     | Noticed Frances
 23375 | D:14     | Killed Frances
 23375 | D:14     | Enslaved Frances
 23635 | D:15     | Received a gift from Yredelemnul (a ghoul)
 23647 | D:15     | Found a staircase to the Depths.
 23805 | D:15     | Found a shimmering altar of Xom.
 23938 | D:15     | Received a gift from Yredelemnul (a vampire knight)
 24331 | D:15     | Identified the ring of Sacrifif {Will+ Slay+2}
 24495 | D:15     | Noticed Jorgrun
 24502 | D:15     | Killed Jorgrun
 24814 | Shoals:1 | Entered Level 1 of the Shoals
 24859 | Shoals:1 | Received a gift from Yredelemnul (a ghoul)
 24893 | Shoals:1 | Reached XP level 17. HP: 113/127 MP: 0/0
 24893 | Shoals:1 | Learned a level 6 spell: Shadow Creatures
 24948 | Shoals:1 | Received a gift from Yredelemnul (a skeletal warrior)
 24970 | Shoals:1 | Noticed a kraken
 24988 | Shoals:1 | Killed a kraken
 25277 | Shoals:1 | Reached skill level 15 in Spellcasting
 25704 | Shoals:2 | Received a gift from Yredelemnul (a skeletal warrior)
 25931 | Shoals:2 | Received a gift from Yredelemnul (a phantasmal warrior)
 26093 | Shoals:2 | Found Xevvaip's Book Emporium.
 26375 | Shoals:3 | Noticed Ilsuiw
 26384 | Shoals:3 | Killed Ilsuiw
 26386 | Shoals:3 | Received a gift from Yredelemnul (a skeletal warrior)
 26531 | Shoals:3 | Found Wmiag's Whimsical Warehouse.
 26760 | Shoals:4 | Entered Level 4 of the Shoals
 26870 | Shoals:4 | Got a barnacled rune of Zot
 27198 | Shoals:4 | Received a gift from Yredelemnul (a skeletal warrior)
 27212 | Shoals:4 | Reached XP level 18. HP: 115/135 MP: 0/0
 27213 | Shoals:4 | Received a gift from Yredelemnul (a flayed ghost)
 27247 | Shoals:4 | Identified the +0 cloak "Kueleec" {Rampage Will+ Dex-2}
 27301 | Shoals:4 | Identified a scroll of acquirement
 27623 | Snake:1  | Entered Level 1 of the Snake Pit
 27642 | Snake:1  | Received a gift from Yredelemnul (a ghoul)
 27675 | Snake:1  | Found Saomy's Magic Scroll Boutique.
 27694 | Snake:1  | Bought a scroll of identify for 28 gold pieces
 27694 | Snake:1  | Bought a scroll of identify for 28 gold pieces
 27694 | Snake:1  | Bought a scroll of identify for 28 gold pieces
 27694 | Snake:1  | Bought a scroll of identify for 28 gold pieces
 29016 | Snake:2  | Received a gift from Yredelemnul (a phantasmal warrior)
 29205 | Snake:2  | Found Ruavokor's Antique Weapon Shoppe.
 29211 | Snake:2  | Found Joumol's Weapon Shoppe.
 29221 | Snake:2  | Acquired 626 gold pieces
 29829 | Snake:3  | Received a gift from Yredelemnul (a skeletal warrior)
 29890 | Snake:3  | Reached skill level 16 in Spellcasting
 29958 | Snake:3  | Noticed Donald
 29971 | Snake:3  | Killed Donald
 30025 | Snake:3  | Received a gift from Yredelemnul (a vampire knight)
 30159 | Snake:3  | Noticed Louise
 30166 | Snake:3  | Killed Louise
 30275 | Snake:3  | Your ally Frances died
 30770 | Snake:3  | Noticed Aizul
 30777 | Snake:3  | Killed Aizul
 31083 | Snake:4  | Entered Level 4 of the Snake Pit
 31116 | Snake:4  | Reached skill level 10 in Armour
 31116 | Snake:4  | Reached XP level 19. HP: 141/141 MP: 0/0
 31116 | Snake:4  | Learned a level 6 spell: Starburst
 31170 | Snake:4  | Found Pueptiq's Jewellery Shop.
 31170 | Snake:4  | Found Duufulo's Book Emporium.
 31179 | Snake:4  | Found Ylocual's Book Emporium.
 31305 | Snake:4  | Noticed qborf's ghost (adept GnWn)
 31312 | Snake:4  | Found a bloodstained altar of Trog.
 31347 | Snake:4  | Found a transporter.
 31353 | Snake:4  | Found a transporter.
 31399 | Snake:4  | Found a shadowy altar of Dithmenos.
 31642 | Snake:4  | Received a gift from Yredelemnul (a phantasmal warrior)
 32074 | Snake:4  | Noticed Vashnia
 32085 | Snake:4  | Killed Vashnia
 32086 | Snake:4  | Reached XP level 20. HP: 143/148 MP: 0/0
 32202 | Snake:4  | Killed from afar by a shock serpent

Illustrated notes

Levels and vault maps discovered:
D:1:      psy_arrival_conway, layout_basic
D:2:      layout_basic, basic_altar, grunt_decor_cap
D:3:      layout_basic
D:4:      layout_basic, lemuel_doored_altar, uniq_grinder
D:5:      minmay_evil_eye, layout_layer_cave,
          lemuel_mausoleum_altar_kikubaaqudgha, general_overflow_altar,
          hangedman_abyss_or_decor_stabs
D:6:      layout_loops_ring, grunt_temple_overflow_open, okawaru_gym_becter,
          elyvilon_altar_1
D:7:      layout_basic, lemuel_tele_altar, pf_just_have_faith,
          marbit_many_paths, temple_doors_e, grunt_livestock,
          minmay_crystal_room
D:8:      layout_loops_ring
D:9:      layout_cave_pools, nicolae_wu_jian_immortal_techniques, serial_shops,
          nicolae_shop_competitors_out_of_business, serial_column_ruins,
          column_ruins_circle_medium, column_ruins_hut_pillars,
          column_ruins_columns_corner, column_ruins_open_tiny,
          column_ruins_open_small, column_ruins_corridor_corner,
          column_ruins_grid_2, column_ruins_open_medium, column_ruins_open_tiny
D:10:     layout_basic, grunt_dithmenos_smoke_and_mirrors,
          nicolae_overflow_hidden_temple
D:11:     layout_small_grid, erik_lair_orcish_takeover, uniq_snorg
D:12:     layout_irregular_city, david_orc_1_choice,
          nicolae_trove_entry_free_sample, serial_shops, shop,
          yredelemnul_altar_generic, uniq_fannar
D:13:     layout_basic, david_vaults_3
D:14:     layout_rooms, gammafunk_ghost_arena, corexii_leaking_fountain,
          uniq_frances
D:15:     gammafunk_depths_entry_grave, layout_irregular_city, xom_teletrap_fun,
          minmay_hollow_rounded_squares, uniq_jorgrun
Temple:   corrupted_temple
Lair:1:   layout_loops_ring, st_stairs_13, kennysheep_abandoned_house
Lair:2:   layout_regular_city, minmay_snake_entry_spellcaster, st_stairs_7,
          uniq_urug, uniq_gastronok
Lair:3:   layout_regular_city, gammafunk_ghost_cemetery,
          cheibrodos_lair_caveside_slide
Lair:4:   layout_regular_city, minmay_shoals_entry_lonely_mermaid, uniq_rupert,
          uniq_nergalle
Lair:5:   layout_misc_corridors, slime_altar_1, grunt_megastairs_4
Lair:6:   grunt_lair_end_beastmaster, layout_gridlike,
          portal_ice_cave_entry_imps, infiniplex_staircase_pool_2
Shoals:1: layout_shoals, nicolae_shoals_kraken_intersection
Shoals:2: layout_shoals, serial_shops, nicolae_shop_statue_plus
Shoals:3: layout_shoals, nicolae_alphabet_shops, uniq_ilsuiw
Shoals:4: shoals_end_hangedman, layout_shoals
Snake:1:  layout_layer_cave, serial_shops, nicolae_shop_crystal
Snake:2:  layout_rooms, minmay_shop_star
Snake:3:  layout_layer_cave, uniq_aizul, uniq_louise, uniq_donald
Snake:4:  grunt_snake_rune_pools, layout_basic,
          gammafunk_ghost_wrathful_warriors, basic_altar, nicolae_snake_omega,
          minmay_shop_grove, uniq_vashnia
Orc:1:    nicolae_orc_accident_2, layout_diamond_mine, serial_shops,
          nicolae_shop_waterfront
Orc:2:    st_orc_pillars, layout_caves, basic_altar, hangedman_feature_mirror

Skill      XL: |  1  2  3  4  5  6  7  8  9 10 11 12 13 14 15 16 17 18 19 |
---------------+----------------------------------------------------------+-----
Spellcasting   | 3 4 5 6 7 9 10 11 12 13 14 15 16 | 16.3
Dodging        | 3 4 5 6 7 9 10 | 10.5
Fighting       | 1 2 3 4 5 7 8 9 10 11 12 13 14 | 14.8
Invocations    | 2 4 6 7 9 10 11 12 13 | 13.4
Shields        | 2 4 |  4.0
Armour         | 3 5 6 8 10 11 | 11.1
Stealth        | |  1.6

Action                   |  1- 3 |  4- 6 |  7- 9 | 10-12 | 13-15 | 16-18 | 19-21 || total
-------------------------+-------+-------+-------+-------+-------+-------+-------++-------
Melee: Unarmed           |     2 |       |       |       |       |       |       ||     2
       Dagger            |     1 |    15 |    86 |       |     4 |       |       ||   106
       Scimitar          |       |       |       |   101 |       |       |       ||   101
       Falchion          |       |       |       |     3 |   180 |   110 |       ||   293
       Trident           |       |       |       |       |       |   122 |    80 ||   202
Throw: Dart              |    14 |     6 |     3 |       |       |     1 |       ||    24
 Cast: Sting             |    22 |    12 |    27 |    18 |    19 |     9 |       ||   107
       Poisonous Vapours |    19 |    36 |    41 |    57 |   129 |   110 |     6 ||   398
       Ignite Poison     |     1 |     4 |    34 |    50 |    95 |   103 |     3 ||   290
       Mephitic Cloud    |     1 |     1 |    27 |    21 |     9 |     8 |     3 ||    70
       Olgreb's Toxic Ra |       |     1 |     7 |    27 |    70 |    54 |       ||   159
       Conjure Flame     |       |       |     5 |     1 |       |       |       ||     6
       Tukima's Dance    |       |       |     2 |       |       |    32 |    24 ||    58
       Hailstorm         |       |       |       |     1 |       |       |       ||     1
       Iskenderun's Batt |       |       |       |       |     2 |       |       ||     2
       Slow              |       |       |       |       |     3 |     1 |       ||     4
       Shadow Creatures  |       |       |       |       |       |     1 |       ||     1
Invok: Animate Remains   |       |       |       |     7 |       |       |       ||     7
       Recall Undead Sla |       |       |       |     4 |       |    18 |     2 ||    24
       Animate Dead      |       |       |       |     7 |     6 |       |       ||    13
       Drain Life        |       |       |       |       |     4 |    17 |     3 ||    24
       Enslave Soul      |       |       |       |       |     1 |     1 |       ||     2
Evoke: Wand              |       |       |       |       |    19 |     1 |       ||    20
       Lightning rod     |       |       |       |       |       |       |     3 ||     3
  Use: Scroll            |       |       |       |    14 |    11 |    10 |     1 ||    36
       Potion            |       |       |       |       |       |     1 |       ||     1
 Stab: Sleeping          |       |       |       |     1 |     1 |     2 |     1 ||     5
       Distracted        |       |       |       |     1 |     2 |     1 |       ||     4
       Confused          |       |       |       |       |     1 |       |       ||     1
       Paralysed         |       |       |       |       |       |     1 |       ||     1
Armor: Robe              |     4 |     5 |    12 |    10 |       |       |       ||    31
       Troll leather arm |       |       |       |     9 |    43 |    77 |    30 ||   159
Dodge: Dodged            |    13 |    20 |    98 |   213 |   333 |   406 |   169 ||  1252
Block: Buckler           |       |       |       |     3 |    85 |   109 |    37 ||   234
       Rpst.: Scimitar   |       |       |       |    38 |       |       |       ||    38
       Falchion          |       |       |       |     7 |    74 |    49 |       ||   130

Table legend: (Time is in decaauts)
 A = Elapsed time spent in this place.
 B = Non-inter-level travel time spent in this place.
 C = Inter-level travel time spent in this place.
 D = Time resting spent in this place.
 E = Time spent auto-exploring this place.
 F = Levels seen in this place.
 G = Mean time per level.
                   A        B        C        D        E       F      G
               +--------+--------+--------+--------+--------+-----+--------+
         Total |  33812 |  32089 |   1723 |   2133 |  23474 |  32 | 1056.6 |
       Dungeon |  18022 |  17351 |    671 |   1397 |  13692 |  15 | 1201.5 |
        Temple |     54 |     41 |     13 |      0 |     40 |   1 |   54.0 |
          Lair |   6061 |   5514 |    547 |     54 |   4343 |   6 | 1010.2 |
        Shoals |   3401 |   3193 |    208 |     49 |   1979 |   4 |  850.2 |
     Snake Pit |   4651 |   4541 |    110 |    633 |   2424 |   4 | 1162.8 |
  Orcish Mines |   1621 |   1449 |    172 |      0 |    995 |   2 |  810.5 |
               +--------+--------+--------+--------+--------+-----+--------+

Top non-repeatable levels by time:
     D:5: 2210 daAuts
     D:4: 2111 daAuts
     D:1: 1624 daAuts
     D:6: 1440 daAuts
     D:7: 1432 daAuts
 Snake:3: 1392 daAuts
 Snake:1: 1377 daAuts
    D:10: 1367 daAuts
     D:3: 1336 daAuts
  Lair:6: 1252 daAuts
 Snake:4: 1144 daAuts
     D:8: 1144 daAuts
Shoals:1: 1081 daAuts
  Lair:4: 1081 daAuts
Shoals:2: 1062 daAuts
